AoeStats
← fisico391

Arena

509500630Analyzed
2v2 RM · 3d ago on Sep 27, 2026· 48m 23s· 4 players
Game mode
Random Map
Map size
Medium (4 player)
Population
200
Speed
Normal
Resources
Standard
Victory
Conquest
Starting age
Dark Age
Ending age
Imperial Age
RankedLock teamsTeams togetherTeam positionsShared explorationLock speedFull tech treeHidden civsTurbo modeCheats
Victory
Defeat
🇦🇺 Vikings · Australia
844
+15
🇺🇸 Saxons · United States
763
+18
🇵🇪 Slavs · Peru
831
-17
🇵🇪 Franks · Peru
808
-16
DisgruntledShark
10:12 Feudal Age
10:42 Double-Bit Axe
16:26 Castle Age
14:43 Horse Collar
15:29 Gold Mining
15:32 Stone Mining
17:11 Heavy Plow
17:47 Gold Shaft Mining
18:33 Sanctity
22:23 Loom
23:14 Wheelbarrow
22:24 Town Watch
23:16 Scale Barding Armor
24:14 Bow Saw
24:56 Chain Barding Armor
26:04 Forging
25:54 Scale Mail Armor
25:55 Padded Archer Armor
25:46 Fletching
27:41 Chain Mail Armor
28:01 Iron Casting
28:13 Hand Cart
27:58 Town Patrol
29:23 Leather Archer Armor
29:03 Bodkin Arrow
30:15 Fortified Wall
30:16 Masonry
30:27 Ballistics
29:49 Treadmill Crane
30:04 Murder Holes
31:29 Arson
31:45 Squires
31:06 Pikeman
31:32 Gambesons
31:07 Man-at-Arms
34:20 Imperial Age
34:03 Thumb Ring
34:42 Caravan
34:47 Devotion
34:43 Herbal Medicine
34:13 Elite Skirmisher
34:15 Crossbowman
36:50 Chemistry
36:20 Architecture
35:56 Siege Engineers
36:26 Ring Archer Armor
35:56 Bracer
36:26 Plate Mail Armor
35:19 Elite Varangian Guard
35:22 Cranequins
35:26 Arbalester
36:36 Halberdier
37:53 Guilds
37:12 Long Swordsman
37:55 Husbandry
38:33 Conscription
37:46 Sappers
38:51 Hoardings
38:34 Two-Handed Swordsman
38:46 Shield Wall
41:23 Elite Hearth Troop
42:25 Clerical Recruitment
42:46 Champion
47:22 Heavy Mounted Crossbowman
peas
0:44 Loom
12:26 Feudal Age
13:20 Double-Bit Axe
13:10 Man-at-Arms
13:56 Horse Collar
19:21 Castle Age
17:48 Scale Mail Armor
18:42 Forging
18:59 Gold Mining
19:39 Long Swordsman
21:34 Arson
22:26 Iron Casting
21:51 Stone Mining
22:54 Town Watch
24:53 Bow Saw
25:56 Heavy Plow
28:03 Chieftains
28:08 Fletching
28:34 Chain Mail Armor
31:31 Murder Holes
35:33 Imperial Age
34:28 Bodkin Arrow
37:06 Bracer
36:40 Two-Handed Swordsman
37:48 Conscription
37:31 Crossbowman
38:11 Champion
39:54 Blast Furnace
39:24 Plate Mail Armor
46:27 Ballistics
47:38 Squires
fisico391
12:33 Feudal Age
17:36 Castle Age
15:37 Double-Bit Axe
18:15 Wheelbarrow
17:59 Forging
19:42 Wheelbarrow
19:28 Bow Saw
20:09 Town Watch
22:42 Husbandry
22:48 Loom
25:20 Gold Mining
27:13 Gold Shaft Mining
27:26 Scale Barding Armor
27:57 Iron Casting
28:17 Hand Cart
28:55 Town Patrol
29:09 Stone Mining
31:52 Chain Barding Armor
35:57 Imperial Age
37:44 Conscription
38:30 Chemistry
37:27 Murder Holes
37:53 Ballistics
37:59 Chivalry
37:42 Cavalier
38:59 Paladin
40:44 Blast Furnace
40:21 Plate Barding Armor
42:32 Elite Throwing Axeman
Inca Tupac Yupanqui
0:36 Loom
12:21 Feudal Age
12:38 Man-at-Arms
18:19 Castle Age
16:47 Horse Collar
17:54 Double-Bit Axe
28:38 Wheelbarrow
32:56 Long Swordsman
33:37 Squires
35:08 Hand Cart
36:38 Scale Barding Armor
36:45 Forging
36:36 Scale Mail Armor
Connection lost

Rejoining the realm…

Still unreachable

The connection could not be restored.

Session expired

The server has moved on; the page needs a fresh start.